 Dungeon Crawl Stone Soup version 0.30-a0-953-g5f1da4a474 (webtiles) character file.

Game seed: 14508592703370097228

281 FallingFreak the Grasshopper (level 6, 0/52 HPs)
             Began as a Ghoul Warper on Mar 28, 2023.
             Slain by a hound (3 damage)
             ... on level 5 of the Dungeon.
             The game lasted 00:32:00 (4708 turns).

FallingFreak the Grasshopper (Ghoul Warper)         Turns: 4708, Time: 00:32:00

Health: 0/52       AC:  1    Str: 17    XL:     6   Next: 27%
Magic:  9/9        EV:  9    Int: 10    God:
Gold:   185        SH:  0    Dex:  8    Spells: 3/10 levels left

rFire   + . .      SeeInvis .    a - +0 mace
rCold   + . .      Faith    .    (no shield)
rNeg    + + +      Spirit   .    E - +1 scale mail {rF+}
rPois   ∞          Reflect  .    (no helmet)
rElec   .          Rampage  .    o - +0 cloak
rCorr   .                        q - +0 pair of gloves
Will    .....                    (no boots) Stlth
                                 s - amulet of Remopt {Regen+ Str+2}
HPRegen 0.00/turn                (no ring)
MPRegen 0.11/turn                (no ring)

@: corroded, inhibited regen
A: claws 1, cold resistance 1, negative energy resistance 3, inhibited
regeneration, torment resistance 2, devour on kill
a: no special abilities


You were on level 5 of the Dungeon.
You visited 1 branch of the dungeon, and saw 5 of its levels.

You collected 185 gold pieces.

Inventory:

Hand Weapons
 a - a +0 mace (weapon)
Missiles
 d - 8 boomerangs of dispersal (quivered) {!f}
 t - 2 boomerangs
Armour
 b - a +0 leather armour
 e - a +0 ring mail
 h - a +0 scale mail
 o - a +0 cloak (worn)
 q - a +0 pair of gloves (worn)
 u - the +2 robe of the New World {-Cast rF+ rC+++ Will+}
   (You found it on level 2 of the Dungeon)

   rF:        It protects you from fire.
   rC:        It renders you almost immune to cold.
   -Cast:     It prevents spellcasting.
   Will:      It increases your willpower.
 D - a +0 chain mail
 E - a +1 scale mail of fire resistance (worn)
Jewellery
 s - the amulet of Remopt (around neck) {Regen+ Str+2}
   (You found it on level 2 of the Dungeon)

   [amulet of regeneration]

   Str:       It affects your strength (+2).
   Regen:     It increases your rate of health regeneration.
Scrolls
 f - 2 scrolls of blinking
 g - 3 scrolls of teleportation
 i - 2 scrolls of noise {unknown}
 j - 2 scrolls of fear {unknown}
 l - a scroll of enchant armour {unknown}
 y - a scroll of identify {unknown}
 A - a scroll of brand weapon {unknown}
 B - a scroll of poison {unknown}
 C - a scroll of vulnerability {unknown}
 F - a scroll of torment {unknown}
Potions
 c - a potion of brilliance {unknown}
 k - 2 potions of cancellation {unknown}
 m - a potion of mutation {unknown}
 n - 2 potions of heal wounds {unknown}
 p - a potion of ambrosia {unknown}
 r - 3 potions of curing {unknown}
 v - a potion of might {unknown}
 w - a potion of degeneration {unknown}
 x - a potion of berserk rage {unknown}
 z - 2 potions of lignification {unknown}


   Skills:
 + Level 3.6 Fighting
 + Level 3.0 Maces & Flails
 - Level 0.8 Throwing
 + Level 2.3 Armour
 - Level 1.7 Dodging
 + Level 2.8 Spellcasting
 + Level 3.6 Translocations


You had 3 spell levels left.
You knew the following spells:

 Your Spells              Type           Power      Damage    Failure   Level
c - Blink                 Tloc           16%        N/A       32%         2
A - Teleport Other        Tloc           8%         N/A       54%         3
Z - Lesser Beckoning      Tloc           16%        N/A       32%         2

Your spell library contained the following spells:

 Spells                   Type           Power      Damage    Failure   Level
 Vhi's Electric Charge    Tloc/Air       10%        N/A       80%         3
 Ozocubu's Armour         Ice            1%         N/A       96%         3
 Manifold Assault         Tloc           8%         N/A       91%         4
 Summon Lightning Spire   Summ/Air       1%         N/A       100%        4
 Summon Forest            Summ/Tloc      2%         N/A       100%        5
 Summon Mana Viper        Hex/Summ       1%         N/A       100%        5
 Summon Cactus Giant      Summ           0%         N/A       100%        6
 Chain Lightning          Conj/Air       0%         2d1       100%        9


Dungeon Overview and Level Annotations

Branches:
Dungeon (5/15) Zot: 25151
 Temple: D:4-7

Altars:
Qazlal

Shops:
D:4 :

Annotations:
D:2 Natasha
D:4 1 runed translucent door, exclusion: door, Crazy Yiuf


Innate Abilities, Weirdness & Mutations

You are immune to poison.
You have sharp fingernails.
Your flesh is cold resistant. (rC+)
You are immune to negative energy. (rN+++)
You do not regenerate when monsters are visible.
You are immune to unholy pain and torment.
You thrive by killing the living.


Message History

Aim: a jelly (severely wounded, about 11% to evade your +0 mace)
You hit the jelly.
Your hands burn!
* * * LOW HITPOINT WARNING * * *
The jelly is almost dead.
The jelly hits you but does no damage.
Unknown command.
Hit: a) +0 mace
Press: ? - help, Dir - move target, f/p - jelly
Aim: a jelly (almost dead, about 11% to evade your +0 mace)
You hit the jelly but do no damage. The acid corrodes you!
Your hands burn!
* * * LOW HITPOINT WARNING * * *
The jelly is almost dead.
The jelly hits you.
* * * LOW HITPOINT WARNING * * *
You are splashed with acid!
* * * LOW HITPOINT WARNING * * *
Unknown command.
Hit: a) +0 mace
Press: ? - help, Dir - move target, f/p - jelly
Aim: a jelly (almost dead, about 11% to evade your +0 mace)
You hit the jelly.
You kill the jelly!
The hound bites you.
* * * LOW HITPOINT WARNING * * *
Unknown command.
Okay, then.
Unknown command.
Throw: 10 boomerangs (disperse) {!f}
Press: ? - help, Q - select action, (/) - cycle Shift-Dir - straight line, f - hound
Aim: a hound (41% to hit)
You throw a boomerang of dispersal {!f}.
The boomerang of dispersal {!f} hits the hound and shatters, but does no damage.
The hound closely misses you.
Throw: 9 boomerangs (disperse) {!f}
Press: ? - help, Q - select action, (/) - cycle Shift-Dir - straight line, f/p - hound
Aim: a hound (41% to hit)
You throw a boomerang of dispersal {!f}.
The boomerang of dispersal {!f} closely misses the hound.
The hound bites you.
You die...

#..##
#..@#
##h## ...
#.##. ...
... ...
##.. #
..#...
.#..# #.
...##
.#..##...
#..$....#
#.<# ##.#


.hY #.... ...... You could see a hound.

Vanquished Creatures
  2 howler monkeys
  A hound (D:4)
  A jelly (D:5)
  Terence (D:3)
  3 adders
  A dart slug (D:1)
  2 orcs
  7 ball pythons
  7 bats
  8 endoplasms
  3 giant cockroaches
  4 goblins
  10 hobgoblins
  8 jackals (D:1)
  6 kobolds
  7 quokkas
  4 frilled lizards
  5 rats
80 creatures vanquished.

Vanquished Creatures (others)
  A fungus (D:4)
1 creature vanquished.

Grand Total: 81 creatures vanquished

Notes
Turn   | Place    | Note
-------+----------+-------------------------------------------
     0 | D:1      | FallingFreak the Ghoul Warper began the quest for the Orb.
     0 | D:1      | Reached XP level 1. HP: 17/17 MP: 2/2
    50 | D:1      | Reached skill level 1 in Armour
   186 | D:1      | Reached XP level 2. HP: 25/25 MP: 3/3
   330 | D:1      | A sourceless malevolence fills the Dungeon...
   330 | D:1      | You fall into a shaft and drop 1 floor!
   377 | D:1      | Increase (s)trength, (i)ntelligence, or (d)exterity?
   377 | D:1      | Reached XP level 3. HP: 24/30 MP: 5/5
   776 | D:2      | Noticed Natasha
   939 | D:2      | Reached XP level 4. HP: 37/37 MP: 6/6
  1367 | D:2      | Found a faded altar of an unknown god.
  1374 | D:2      | Identified the amulet of Remopt {Regen+ Str+2}
  1377 | D:2      | Identified the +2 robe of the New World {-Cast rF+ rC+++
                  | Will+}
  1924 | D:3      | Noticed Terence
  2207 | D:3      | Learned a level 2 spell: Blink
  2210 | D:3      | Learned a level 2 spell: Lesser Beckoning
  2954 | D:3      | Killed Terence
  2955 | D:3      | Reached XP level 5. HP: 35/45 MP: 7/7
  3021 | D:3      | Got the Essays on Vapourous Glaciation
  3096 | D:3      | Learned a level 3 spell: Teleport Other
  3224 | D:4      | Found Yphac's Book Shoppe.
  3522 | D:4      | Found a runed translucent door.
  3523 | D:4      | Noticed Crazy Yiuf
  4039 | D:4      | Found a stormy altar of Qazlal.
  4048 | D:4      | Noticed an ogre
  4129 | D:4      | Noticed a hornet
  4534 | D:5      | Entered Level 5 of the Dungeon
  4559 | D:5      | Reached XP level 6. HP: 51/51 MP: 9/9
  4662 | D:5      | Noticed an ice beast
  4694 | D:5      | Noticed a black bear
  4708 | D:5      | Slain by a hound

Illustrated notes

Levels and vault maps discovered:
D:1:      dpeg_arrival_round_b, layout_rooms, minmay_tripent
D:2:      layout_rooms, hellmonk_ecumenical_altar_inner_sanctum,
          kennysheep_generic_room_13, uniq_natasha
D:3:      layout_rooms, serial_corexii_hall, chequers_hall_statues_wall_a,
          corexii_hall_statues_l, chequers_hall_statues_corner_a,
          corexii_hall_statues_t, uniq_terence
D:4:      minmay_chambers_of_fours, layout_basic, lemuel_crystal_altar,
          serial_shops, shop, uniq_crazy_yiuf_cottage
D:5:      layout_basic, nicolae_uskayaw_dance_hall, ebering_ghost_gozag,
          minmay_manual_mess

Skill      XL: |  1  2  3  4  5 |
---------------+----------------+-----
Armour         | 1 2 |  2.3
Maces & Flails | 2 3 |  3.0
Spellcasting   | 2 |  2.8
Translocations | 3 |  3.6
Fighting       | 3 |  3.6
Throwing       | |  0.8
Dodging        | |  1.7

Action                     |  1- 3 |  4- 6 || total
---------------------------+-------+-------++-------
  Melee: Mace              |   142 |   203 ||   345
         Punch             |     1 |     1 ||     2
  Throw: Boomerang         |       |    46 ||    46
    Use: Scroll            |       |     2 ||     2
 Armour: Scale mail        |    73 |    82 ||   155
         Ring mail         |     1 |     1 ||     2
         Robe              |       |    23 ||    23
         Chain mail        |       |    38 ||    38
  Dodge: Dodged            |    88 |   127 ||   215

Table legend: (Time is in decaauts)
 A = Elapsed time spent in this place.
 B = Non-inter-level travel time spent in this place.
 C = Inter-level travel time spent in this place.
 D = Time resting spent in this place.
 E = Time spent auto-exploring this place.
 F = Levels seen in this place.
 G = Mean time per level.
                   A        B        C        D        E       F      G
               +--------+--------+--------+--------+--------+-----+--------+
         Total |   4847 |   4566 |    281 |   1805 |   1480 |   5 |  969.4 |
       Dungeon |   4847 |   4566 |    281 |   1805 |   1480 |   5 |  969.4 |
               +--------+--------+--------+--------+--------+-----+--------+

Top non-repeatable levels by time:
     D:3: 1628 daAuts
     D:2: 1230 daAuts
     D:1: 1140 daAuts
     D:4: 771 daAuts
     D:5: 76 daAuts
